Workbook

Sheet UNRL Assumptions
A1: ASSUMPTIONS
A3: TRANSACTION OVERVIEW
A4: Company Name | B4: UNRL Apparel, Inc.
A5: Target Sector | B5: Athleisure & Golf Lifestyle Apparel
A6: Transaction Type | B6: Sponsor-Led Buyout
A7: Enterprise Value | B7: 120000000
A8: Entry EBITDA Multiple | B8: 10
A9: Base Year EBITDA (LTM 2026) | B9: 12000000
A11: HISTORICAL FINANCIALS ($M)
A12: Revenue 2023E | B12: 45000000
A13: Revenue 2024E | B13: 60000000
A14: Revenue 2025E | B14: 75000000
A15: Revenue 2026E (LTM) | B15: 85000000
A16: Gross Margin 2023E | B16: 0.55
A17: Gross Margin 2024E | B17: 0.57
A18: Gross Margin 2025E | B18: 0.58
A19: Gross Margin 2026E | B19: 0.6
A20: EBITDA Margin 2026E | B20: 0.141
A22: Growth Assumptions (Base Case)
A23: Revenue Growth Year 1 | B23: 0.2
A24: Revenue Growth Year 2 | B24: 0.2
A25: Revenue Growth Year 3 | B25: 0.15
A26: Revenue Growth Year 4 | B26: 0.15
A27: Revenue Growth Year 5 | B27: 0.1
A28: Annual Gross Margin Expansion | B28: 0.01
A29: OpEx Growth Ratio (% of revenue) | B29: 0.55
A31: CAPITAL STRUCTURE
A32: Senior Debt (turns of EBITDA) | B32: 4.5
A33: Senior Debt Amount | B33: =B9*B32 -> 54000000
A34: Sponsor Equity | B34: =B7+B36-B33 -> 69000000
A35: Transaction Fees (% of EV) | B35: 0.025
A36: Transaction Fees Amount | B36: =B7*B35 -> 3000000
A38: DEBT TERMS
A39: Interest Rate | B39: 0.09
A40: Amortization / Term (years) | B40: 6
A41: Cash Sweep % | B41: 0.75
A43: EXIT ASSUMPTIONS
A44: Hold Period (years) | B44: 5
A45: Exit EBITDA Multiple | B45: 9
A46: Exit Transaction Fees (% of EV) | B46: 0.015

Sheet UNRL Operating Model
A1: OPERATING MODEL
B3: 2023A | C3: 2024A | D3: 2025A | E3: 2026A (LTM) | F3: 2027E (Year 1) | G3: 2028E (Year 2) | H3: 2029E (Year 3) | I3: 2030E (Year 4) | J3: 2031E (Year 5)
A5: REVENUE
A6: Revenue | B6: 45000000 | C6: 60000000 | D6: 75000000 | E6: 85000000 | F6: =E6*(1+'UNRL Assumptions'!$B$23) -> 102000000 | G6: =F6*(1+'UNRL Assumptions'!$B$24) -> 122400000 | H6: =G6*(1+'UNRL Assumptions'!$B$25) -> 140760000 | I6: =H6*(1+'UNRL Assumptions'!$B$26) -> 161874000 | J6: =I6*(1+'UNRL Assumptions'!$B$27) -> 178061400
A7: YoY Growth % | C7: =C6/B6-1 -> 0.33333333 | D7: =D6/C6-1 -> 0.25 | E7: =E6/D6-1 -> 0.13333333 | F7: =F6/E6-1 -> 0.2 | G7: =G6/F6-1 -> 0.2 | H7: =H6/G6-1 -> 0.15 | I7: =I6/H6-1 -> 0.15 | J7: =J6/I6-1 -> 0.1
A9: GROSS PROFIT
A10: Cost of Goods Sold | B10: =-'UNRL Operating Model'!B6*(1-'UNRL Assumptions'!$B$16) -> -20250000 | C10: =-C6*(1-'UNRL Assumptions'!$B$17) -> -25800000 | D10: =-D6*(1-'UNRL Assumptions'!$B$18) -> -31500000 | E10: =-E6*(1-'UNRL Assumptions'!$B$19) -> -34000000 | F10: =-F6*(1-('UNRL Assumptions'!$B$19+'UNRL Assumptions'!$B$28*1)) -> -39780000 | G10: =-G6*(1-('UNRL Assumptions'!$B$19+'UNRL Assumptions'!$B$28*2)) -> -46512000 | H10: =-H6*(1-('UNRL Assumptions'!$B$19+'UNRL Assumptions'!$B$28*3)) -> -52081200 | I10: =-I6*(1-('UNRL Assumptions'!$B$19+'UNRL Assumptions'!$B$28*4)) -> -58274640 | J10: =-J6*(1-('UNRL Assumptions'!$B$19+'UNRL Assumptions'!$B$28*5)) -> -62321490
A11: Gross Profit | B11: =B6+B10 -> 24750000 | C11: =C6+C10 -> 34200000 | D11: =D6+D10 -> 43500000 | E11: =E6+E10 -> 51000000 | F11: =F6+F10 -> 62220000 | G11: =G6+G10 -> 75888000 | H11: =H6+H10 -> 88678800 | I11: =I6+I10 -> 103599360 | J11: =J6+J10 -> 115739910
A12: Gross Margin % | B12: =B11/B6 -> 0.55 | C12: =C11/C6 -> 0.57 | D12: =D11/D6 -> 0.58 | E12: =E11/E6 -> 0.6 | F12: =F11/F6 -> 0.61 | G12: =G11/G6 -> 0.62 | H12: =H11/H6 -> 0.63 | I12: =I11/I6 -> 0.64 | J12: =J11/J6 -> 0.65
A14: OPERATING EXPENSES
A15: Total Opex | B15: 20250000 | C15: 26400000 | D15: 32250000 | E15: 39000000 | F15: =E15*(1+'UNRL Assumptions'!$B$23*'UNRL Assumptions'!$B$29) -> 43290000 | G15: =F15*(1+'UNRL Assumptions'!$B$24*'UNRL Assumptions'!$B$29) -> 48051900 | H15: =G15*(1+'UNRL Assumptions'!$B$25*'UNRL Assumptions'!$B$29) -> 52016182 | I15: =H15*(1+'UNRL Assumptions'!$B$26*'UNRL Assumptions'!$B$29) -> 56307517 | J15: =I15*(1+'UNRL Assumptions'!$B$27*'UNRL Assumptions'!$B$29) -> 59404430
A16: OpEx as % of Revenue | B16: =B15/B6 -> 0.45 | C16: =C15/C6 -> 0.44 | D16: =D15/D6 -> 0.43 | E16: =E15/E6 -> 0.45882353 | F16: =F15/F6 -> 0.42441176 | G16: =G15/G6 -> 0.39258088 | H16: =H15/H6 -> 0.36953809 | I16: =I15/I6 -> 0.34784781 | J16: =J15/J6 -> 0.33361767
A18: EBITDA
A19: EBITDA | B19: =B11-B15 -> 4500000 | C19: =C11-C15 -> 7800000 | D19: =D11-D15 -> 11250000 | E19: =E11-E15 -> 12000000 | F19: =F11-F15 -> 18930000 | G19: =G11-G15 -> 27836100 | H19: =H11-H15 -> 36662618 | I19: =I11-I15 -> 47291843 | J19: =J11-J15 -> 56335480
A20: EBITDA Margin % | B20: =B19/B6 -> 0.1 | C20: =C19/C6 -> 0.13 | D20: =D19/D6 -> 0.15 | E20: =E19/E6 -> 0.14117647 | F20: =F19/F6 -> 0.18558824 | G20: =G19/G6 -> 0.22741912 | H20: =H19/H6 -> 0.26046191 | I20: =I19/I6 -> 0.29215219 | J20: =J19/J6 -> 0.31638233

Sheet UNRL Sources & Debt Uses
A1: SOURCES & USES + DEBT SCHEDULE
A3: SOURCES OF FUNDS ($)
A4: Senior Debt | B4: ='UNRL Assumptions'!$B$33 -> 54000000
A5: Sponsor Equity | B5: ='UNRL Assumptions'!$B$34 -> 69000000
A6: Total Sources | B6: =B4+B5 -> 123000000
A8: USES OF FUNDS ($)
A9: Purchase Enterprise Value | B9: ='UNRL Assumptions'!$B$7 -> 120000000
A10: Transaction Fees | B10: ='UNRL Assumptions'!$B$36 -> 3000000
A11: Total Uses | B11: =B9+B10 -> 123000000
A13: BALANCE CHECK
A14: Sources - Uses | B14: =B6-B11 -> 0
A16: DEBT SCHEDULE
B18: At Close | C18: Year 1 (2027) | D18: Year 2 (2028) | E18: Year 3 (2029) | F18: Year 4 (2030) | G18: Year 5 (2031)
A19: Beginning Balance | C19: =B4 -> 54000000 | D19: =C24 -> 41197500 | E19: =D24 -> 20851256 | F19: =E24 -> 0 | G19: =F24 -> 0
A20: Interest Expense | C20: =-C19*'UNRL Assumptions'!$B$39 -> -4860000 | D20: =-D19*'UNRL Assumptions'!$B$39 -> -3707775 | E20: =-E19*'UNRL Assumptions'!$B$39 -> -1876613.1 | F20: =-F19*'UNRL Assumptions'!$B$39 -> 0 | G20: =-G19*'UNRL Assumptions'!$B$39 -> 0
A21: Mandatory Amortization | C21: =IF(B19=0, -'UNRL Assumptions'!B33/'UNRL Assumptions'!B40, -MIN('UNRL Assumptions'!$B$33/'UNRL Assumptions'!$B$40, 'UNRL Sources & Debt Uses'!C19)) -> -9000000 | D21: =IF(C24=0, 0, -MIN('UNRL Assumptions'!$B$33/'UNRL Assumptions'!$B$40, 'UNRL Sources & Debt Uses'!C24)) -> -9000000 | E21: =IF(D24=0, 0, -MIN('UNRL Assumptions'!$B$33/'UNRL Assumptions'!$B$40,'UNRL Sources & Debt Uses'!D24)) -> -9000000 | F21: =IF(E24=0, 0, -MIN('UNRL Assumptions'!B33/'UNRL Assumptions'!B40, 'UNRL Sources & Debt Uses'!E24)) -> 0 | G21: =IF(F24=0,-MIN('UNRL Assumptions'!B33/'UNRL Assumptions'!B40,'UNRL Sources & Debt Uses'!F24)) -> 0
A22: Cash Available for Sweep | C22: ='UNRL Operating Model'!F19+C20+C21 -> 5070000 | D22: ='UNRL Operating Model'!G19+D20+D21 -> 15128325 | E22: ='UNRL Operating Model'!H19+E20+E21 -> 25786005 | F22: ='UNRL Operating Model'!I19+F20+F21 -> 47291843 | G22: ='UNRL Operating Model'!J19+G20+G21 -> 56335480
A23: Cash Sweep Applied | C23: =IF(C19=0, 0, -MIN(C22*'UNRL Assumptions'!$B$41, C19+C21)) -> -3802500 | D23: =IF(D19=0, 0, -MIN(D22*'UNRL Assumptions'!$B$41, D19+D21)) -> -11346244 | E23: =IF(E19=0, 0, -MIN(E22*'UNRL Assumptions'!$B$41, E19+E21)) -> -11851256 | F23: =IF(F19=0, 0, -MIN(F22*'UNRL Assumptions'!$B$41, F19+F21)) -> 0 | G23: =IF(G19=0, 0, -MIN(G22*'UNRL Assumptions'!$B$41, G19+G21)) -> 0
A24: Ending Balance | C24: =C19+C21+C23 -> 41197500 | D24: =D19+D21+D23 -> 20851256 | E24: =E19+E21+E23 -> 0 | F24: =F19+F21+F23 -> 0 | G24: =G19+G21+G23 -> 0
A26: DEBT PAYDOWN SUMMARY
A27: Cumulative Debt Paid | B27: =B4-G24 -> 54000000
A28: Remaining Debt at Exit | B28: =G24 -> 0

Sheet UNRL Returns Analysis
A1: RETURNS ANALYSIS
A3: EXIT VALUE CALCULATION
A4: Exit Year EBITDA (2031) | B4: ='UNRL Operating Model'!J19 -> 56335480
A5: Exit EBITDA Multiple | B5: ='UNRL Assumptions'!$B$45 -> 9
A6: Exit Enterprise Value | B6: =B4*B5 -> 5.0701932e+08
A7: Less: Remaining Debt at Exit | B7: =-'UNRL Sources & Debt Uses'!G24 -> 0
A8: Less: Exit Transaction Fees | B8: =-'UNRL Returns Analysis'!B6*'UNRL Assumptions'!$B$46 -> -7605289.8
A9: Equity Proceeds at Exit | B9: =B6+B7+B8 -> 4.9941403e+08
A11: RETURNS SUMMARY
A12: Initial Sponsor Equity Invested | B12: ='UNRL Assumptions'!$B$34 -> 69000000
A13: Equity Proceeds at Exit | B13: =B9 -> 4.9941403e+08
A14: Money-on-Invested Capital (MOIC) | B14: =SUM(B26:G26)/(-B26) -> 8.014865
A15: Hold Period (years) | B15: ='UNRL Assumptions'!$B$44 -> 5
A16: Levered IRR | B16: =IRR(B26:G26) -> 0.5842832
A18: RETURNS BRIDGE
A19: EBITDA Growth Contribution | B19: =('UNRL Operating Model'!J19-'UNRL Operating Model'!E19)*'UNRL Assumptions'!$B$8 -> 4.433548e+08
A20: Multiple Change Contribution | B20: =(B5-'UNRL Assumptions'!$B$8)*'UNRL Operating Model'!J19 -> -56335480
A21: Debt Paydown Contribution | B21: ='UNRL Sources & Debt Uses'!B27 -> 54000000
A22: Total Value Creation | B22: =B19+B20+B21 -> 4.4101932e+08
A24: CASH FLOW SCHEDULE
A25: (year headers) | B25: At Close | C25: Year 1 (2027) | D25: Year 2 (2028) | E25: Year 3 (2029) | F25: Year 4 (2030) | G25: Year 5 (2031)
A26: Equity Cash Flow | B26: =-B12 -> -69000000 | C26: ='UNRL Operating Model'!F19+'UNRL Sources & Debt Uses'!C20+'UNRL Sources & Debt Uses'!C21+'UNRL Sources & Debt Uses'!C23 -> 1267500 | D26: ='UNRL Operating Model'!G19+'UNRL Sources & Debt Uses'!D20+'UNRL Sources & Debt Uses'!D21+'UNRL Sources & Debt Uses'!D23 -> 3782081.2 | E26: ='UNRL Operating Model'!H19+'UNRL Sources & Debt Uses'!E20+'UNRL Sources & Debt Uses'!E21+'UNRL Sources & Debt Uses'!E23 -> 13934749 | F26: ='UNRL Operating Model'!I19+'UNRL Sources & Debt Uses'!F20+'UNRL Sources & Debt Uses'!F21+'UNRL Sources & Debt Uses'!F23 -> 47291843 | G26: ='UNRL Operating Model'!J19+'UNRL Sources & Debt Uses'!G20+'UNRL Sources & Debt Uses'!G21+'UNRL Sources & Debt Uses'!G23+B9 -> 5.5574951e+08
